 Dungeon Crawl Stone Soup version 0.29-a0-398-ge13fd1374b (webtiles) character file.

Game seed: 2695375474338360395

2347 happo123 the Geomancer (level 9, -4/48 HPs)
             Began as a Gargoyle Earth Elementalist on May 12, 2022.
             Was a Believer of Nemelex Xobeh.
             Killed from afar by a manticore (13 damage)
             ... with a volley of spikes
             ... on level 7 of the Dungeon.
             The game lasted 00:39:00 (6406 turns).

happo123 the Geomancer (GrEE)                       Turns: 6406, Time: 00:39:03

Health: -4/48      AC: 14    Str: 18    XL:     9   Next: 43%
Magic:  1/19       EV: 12    Int: 20    God:    Nemelex Xobeh [**....]
Gold:   371        SH:  5    Dex: 10    Spells: 15/21 levels left

rFire   . . .      SeeInvis .   q - staff of earth
rCold   . . .      Faith    .   (no shield)
rNeg    + . .      Spirit   .   e - +0 leather armour
rPois   ∞          Reflect  +   w - +0 helmet
rElec   +          Harm     .   m - +0 cloak
rCorr   .          Rampage  .   z - +0 pair of gloves
Will    .....                   p - +0 pair of boots
Stlth   ++........              j - amulet of reflection
HPRegen 0.16/turn               r - +6 ring of strength
MPRegen 0.16/turn               (no ring)

@: spiked
A: sickness immunity, AC +6, negative energy resistance 1, electricity
resistance, torment resistance 1, petrification resistance
a: Renounce Religion, Draw Escape, Draw Destruction, Draw Summoning


You were on level 7 of the Dungeon.
You worshipped Nemelex Xobeh.
Nemelex Xobeh was pleased with you.
You visited 2 branches of the dungeon, and saw 8 of its levels.

You collected 371 gold pieces.

Inventory:

Hand Weapons
 l - a +2 quarterstaff of chaos
Missiles
 a - 152 stones
Armour
 b - a +0 robe
 e - a +0 leather armour (worn)
 m - a +0 cloak (worn)
 p - a +0 pair of boots (worn)
 w - a +0 helmet (worn)
 z - a +0 pair of gloves (worn)
Magical Staves
 q - a staff of earth (weapon)
 C - a staff of conjuration
Jewellery
 j - an amulet of reflection (around neck)
 r - a +6 ring of strength (left hand)
Wands
 y - a wand of flame (31)
Scrolls
 d - 2 scrolls of brand weapon
 h - a scroll of noise {unknown}
 i - 2 scrolls of fog
 k - a scroll of enchant armour {unknown}
 n - 4 scrolls of poison
 o - 4 scrolls of magic mapping
 s - a scroll of identify
 t - a scroll of blinking {unknown}
 v - a scroll of torment {unknown}
 x - a scroll of teleportation {unknown}
Potions
 c - a potion of magic
 f - a potion of cancellation {unknown}
 g - a potion of might {unknown}
 u - a potion of invisibility {unknown}
 B - a potion of curing {unknown}
 D - 2 potions of heal wounds
 E - a potion of berserk rage {unknown}
 F - a potion of flight {unknown}
 G - a potion of mutation {unknown}


   Skills:
 + Level 1.9 Fighting
 + Level 3.0 Staves
 + Level 3.6 Armour
 + Level 3.2 Dodging
 + Level 3.9 Stealth
 + Level 1.3 Shields
 + Level 0.1 Unarmed Combat
 + Level 6.9 Spellcasting
 + Level 2.3 Conjurations
 + Level 0.7 Transmutations
 + Level 8.5 Earth Magic


You had 15 spell levels left.
You knew the following spells:

 Your Spells              Type           Power      Damage    Failure   Level
a - Sandblast             Erth           100%       2d20      1%          1
b - Stone Arrow           Conj/Erth      86%        3d12      3%          3
c - Searing Ray           Conj           32%        2d5       6%          2

Your spell library contained the following spells:

 Spells                   Type           Power      Damage    Failure   Level
 Passwall                 Tmut/Erth      31%        N/A       2%          2
 Magic Dart               Conj           64%        1d6       4%          1
 Animate Skeleton         Necr           12%        N/A       12%         1
 Apportation              Tloc           12%        N/A       12%         1
 Summon Small Mammal      Summ           24%        N/A       12%         1
 Petrify                  Tmut/Erth      38%        N/A       17%         4
 Fulminant Prism          Conj/Hex       5%         3d7       56%         4


Dungeon Overview and Level Annotations

Branches:
Dungeon (7/15)             Temple (1/1) D:4

Altars:
Ashenzari
Cheibriados
Dithmenos
Elyvilon
Fedhas
Gozag
Hepliaklqana
Kikubaaqudgha
Makhleb
Nemelex Xobeh
Okawaru
Sif Muna
Uskayaw
Vehumet
Wu Jian
Xom
Yredelemnul
Zin

Shops:
D:2 [   D:5 [

Annotations:
D:7 Duvessa


Innate Abilities, Weirdness & Mutations

You are immune to sickness and miasma.
Your stone body is resilient. (AC +6)
You are immune to poison.
You resist negative energy. (rN+)
You are resistant to electric shocks. (rElec)
You are resistant to unholy torment.
You are immune to petrification.


Message History

The barbed spikes become lodged in your body.
The barbs in your skin will harm you if you move.
Continue? [Y]es or [N]o only, please.
The barbs in your skin will harm you if you move.
Continue? [Y]es or [N]o only, please.
The barbs in your skin will harm you if you move.
Continue?
Okay, then.
Casting: Sandblast (safe; 1% risk of failure)
Confirm with . or Enter, or press ? or * to list all spells.
You don't have enough magic to cast this spell.
Aiming: Charm
Press: ? - help, Shift-Dir - straight line, f - sky beast
Aim: a sky beast (chance to affect: 49%)
Okay, then.
Aiming: Charm
Press: ? - help, Shift-Dir - straight line, f - sky beast
Aim: a sky beast (chance to affect: 49%)
The sky beast is charmed.
The now-empty wand crumbles to dust.
The manticore flicks its tail.
The volley of spikes hits you!
The barbed spikes become lodged in your body.
* * * LOW HITPOINT WARNING * * *
The acid dragon bites your sky beast! The acid dragon misses your sky beast.
Your magical contamination has completely faded away.
Casting: Sandblast (safe; 1% risk of failure)
Confirm with . or Enter, or press ? or * to list all spells.
You don't have enough magic to cast this spell.
Aiming: Sandblast (safe; 1% risk of failure)
Press: ? - help, Q - select action, (/) - cycle Shift-Dir - straight line, f - manticore, p - sky beast
Aim: a manticore (90% to hit)
You feel a surge of power!
The blast of sand hits the manticore.
The manticore is lightly wounded.
Your sky beast barely misses the manticore.
The acid dragon closely misses your sky beast.
The acid dragon misses your sky beast.
The manticore flicks its tail.
The volley of spikes hits you!
The barbed spikes become lodged in your body.
You die...
Your body glows slightly and disappears.

#######.#......
#.........# .#
#.#####...# .#
#<##......##.#
####.#.......#
#.........#
###°........#
.°°......>..#
.○....H.@...#
...#..#Y##....#
###...#D# #####
#H###e# #..)).#
...#e#### .. #O
..


You could see a manticore (ally target), Duvessa (berserk), an acid dragon and a
friendly sky beast (charmed).

Vanquished Creatures
  The ghost of oldriver the Skirmisher, an amateur PaAK of Lugonu (D:4)
  Eustachio (D:4)
  Menkaure (D:4)
  A steam dragon (D:7)
  A water moccasin (D:5)
  An orc warrior (D:7)
  An ice beast (D:5)
  3 black bears
  2 ogres (D:5)
  2 kobold brigands
  2 necrophages
  2 scorpions (D:5)
  2 hounds (D:5)
  2 jellies (D:6)
  Crazy Yiuf (D:2)
  4 iguanas
  An orc wizard (D:6)
  Natasha (thrice) (D:4)
  Robin (D:4)
  7 adders
  2 white imps
  3 ufetubi (D:5)
  2 worms
  3 dart slugs
  11 orcs
  4 ball pythons
  An endoplasm (D:1)
  6 giant cockroaches
  19 goblins
  6 hobgoblins
  2 jackals (D:1)
  16 kobolds
  3 quokkas
  3 bats
  A frilled lizard (D:1)
  2 rats
123 creatures vanquished.

Vanquished Creatures (collateral kills)
  Dowan (D:7)
  A jelly (D:7)
  An iguana (D:7)
  An orc wizard (D:7)
4 creatures vanquished.

Vanquished Creatures (others)
  A fungus (D:4)
1 creature vanquished.

Grand Total: 128 creatures vanquished

Notes
Turn   | Place    | Note
-------+----------+-------------------------------------------
     0 | D:1      | happo123 the Gargoyle Earth Elementalist began the quest
                  | for the Orb.
     0 | D:1      | Reached XP level 1. HP: 10/10 MP: 3/3
   112 | D:1      | Reached skill level 4 in Earth Magic
   321 | D:1      | Reached XP level 2. HP: 15/15 MP: 0/5
   903 | D:2      | Reached XP level 3. HP: 19/19 MP: 2/6
  1297 | D:2      | Reached XP level 4. HP: 24/24 MP: 6/8
  1380 | D:2      | Found a runed translucent door.
  1381 | D:2      | Noticed Crazy Yiuf
  1388 | D:2      | Killed Crazy Yiuf
  1698 | D:2      | Found Padaj's Armour Shoppe.
  1875 | D:2      | Learned a level 3 spell: Stone Arrow
  2029 | D:3      | Reached skill level 1 in Armour
  2793 | D:4      | Found a basalt altar of Yredelemnul.
  2795 | D:4      | Noticed Menkaure
  2797 | D:4      | Found an ancient bone altar of Kikubaaqudgha.
  2828 | D:4      | Reached XP level 5. HP: 28/28 MP: 10/10
  2935 | D:4      | Noticed Natasha
  2946 | D:4      | Killed Natasha
  2947 | D:4      | Reached skill level 1 in Staves
  2996 | D:4      | Noticed Robin
  3013 | D:4      | Killed Robin
  3033 | D:4      | Reached skill level 5 in Earth Magic
  3121 | D:4      | Found an opulent altar of Gozag.
  3151 | D:4      | Found a staircase to the Ecumenical Temple.
  3159 | D:4      | Reached XP level 6. HP: 31/33 MP: 6/12
  3163 | Temple   | Entered the Ecumenical Temple
  3348 | Temple   | Became a worshipper of Nemelex Xobeh the Trickster
  3402 | D:4      | Noticed Eustachio
  3410 | D:4      | Killed Eustachio
  3411 | D:4      | Reached skill level 1 in Conjurations
  3415 | D:4      | Noticed a black bear
  3420 | D:4      | Killed a black bear
  3421 | D:4      | Reached XP level 7. HP: 37/37 MP: 5/13
  3563 | D:4      | Found an ornate altar of the Wu Jian Council.
  3704 | D:4      | Noticed Natasha
  3705 | D:4      | Found a transporter.
  3729 | D:4      | Found a transporter.
  3858 | D:4      | Found a runed translucent gate.
  3859 | D:4      | Found a runed translucent gate.
  3860 | D:4      | Found a runed translucent gate.
  3862 | D:4      | Noticed oldriver's ghost (amateur PaAK)
  3896 | D:4      | Killed oldriver's ghost
  3909 | D:4      | Reached skill level 5 in Spellcasting
  3909 | D:4      | Reached skill level 6 in Earth Magic
  4151 | D:4      | Reached * piety under Nemelex Xobeh
  4322 | D:4      | Killed Natasha
  4325 | D:4      | Killed Menkaure
  4329 | D:4      | Reached XP level 8. HP: 36/42 MP: 2/16
  4470 | D:4      | Noticed Natasha
  4475 | D:4      | Killed Natasha
  4506 | D:5      | Entered Level 5 of the Dungeon
  4516 | D:5      | Learned a level 2 spell: Searing Ray
  4622 | D:5      | Found Lehewaed's Armour Shoppe.
  4676 | D:5      | Reached skill level 7 in Earth Magic
  4725 | D:5      | Reached skill level 1 in Fighting
  4844 | D:5      | Reached skill level 1 in Shields
  5142 | D:5      | Received a gift from Nemelex Xobeh
  5161 | D:5      | Found a hazy altar of Hepliaklqana.
  5218 | D:5      | Reached XP level 9. HP: 48/48 MP: 5/18
  5526 | D:5      | Reached ** piety under Nemelex Xobeh
  5710 | D:6      | Reached skill level 8 in Earth Magic
  5770 | D:6      | Received a gift from Nemelex Xobeh
  6376 | D:7      | Noticed Duvessa
  6378 | D:7      | Noticed Dowan
  6386 | D:7      | Killed Dowan
  6390 | D:7      | Noticed a manticore
  6406 | D:7      | Killed from afar by a manticore

Illustrated notes

Levels and vault maps discovered:
D:1:      zelgadis_glass_arrival_small, layout_rooms
D:2:      layout_loops_ring, serial_shops, shop, uniq_crazy_yiuf_cottage
D:3:      layout_basic, minivault_11, st_stairs_1
D:4:      layout_loops_ring, grunt_gozag_breadcrumbs,
          gammafunk_temple_of_torment, nicolae_wu_jian_immortal_techniques,
          minmay_temple_entry_water_ring, gammafunk_ghost_nasty_kobolds,
          uniq_robin, uniq_natasha, uniq_eustachio
D:5:      layout_loops_corners, worldfamousw_hep_ancestral_shrine, serial_shops,
          nicolae_shop_hallway_stairs, kennysheep_minor_cross,
          grunt_decor_junction
D:6:      layout_basic
D:7:      gammafunk_wand_slinger, layout_basic, trog_hazing_becter,
          mainiacjoe_overflow_two_lobes, minmay_fractal_squares_diagonal_5,
          uniq_duvessa
Temple:   dshaligram_water_room_temple

Skill      XL: |  1  2  3  4  5  6  7  8  9 |
---------------+----------------------------+-----
Earth Magic    | 4 5 6 7 8 |  8.5
Spellcasting   | 3 4 5 6 |  6.9
Armour         | 1 2 3 |  3.6
Staves         | 1 2 3 |  3.0
Dodging        | 2 3 |  3.2
Conjurations   | 1 2 |  2.3
Stealth        | 3 |  3.9
Fighting       | 1 |  1.9
Shields        | 1 |  1.3
Unarmed Combat | |  0.1
Transmutations | |  0.7

Action                   |  1- 3 |  4- 6 |  7- 9 || total
-------------------------+-------+-------+-------++-------
Melee: Unarmed           |    25 |       |       ||    25
       Staff             |       |    66 |    71 ||   137
       Quarterstaff      |       |     3 |       ||     3
 Cast: Sandblast         |    45 |    38 |    52 ||   135
       Stone Arrow       |       |     4 |    32 ||    36
Invok: Draw Destruction  |       |       |     2 ||     2
       Draw Summoning    |       |       |     1 ||     1
Evoke: Wand              |       |       |     1 ||     1
  Use: Scroll            |       |       |     5 ||     5
 Stab: Sleeping          |     3 |     3 |     2 ||     8
Armor: Robe              |     5 |       |       ||     5
       Leather armour    |    11 |    28 |    38 ||    77
Dodge: Dodged            |    25 |    37 |    43 ||   105
Block: Other             |       |    16 |    11 ||    27
       Reflection        |       |     2 |       ||     2

Table legend: (Time is in decaauts)
 A = Elapsed time spent in this place.
 B = Non-inter-level travel time spent in this place.
 C = Inter-level travel time spent in this place.
 D = Time resting spent in this place.
 E = Time spent auto-exploring this place.
 F = Levels seen in this place.
 G = Mean time per level.
                   A        B        C        D        E       F      G
               +--------+--------+--------+--------+--------+-----+--------+
         Total |   6424 |   5001 |   1423 |    557 |   3462 |   8 |  803.0 |
       Dungeon |   6226 |   4885 |   1341 |    557 |   3354 |   7 |  889.4 |
        Temple |    198 |    116 |     82 |      0 |    108 |   1 |  198.0 |
               +--------+--------+--------+--------+--------+-----+--------+

Top non-repeatable levels by time:
     D:4: 1531 daAuts
     D:2: 1165 daAuts
     D:5: 1132 daAuts
     D:3: 916 daAuts
     D:6: 717 daAuts
     D:1: 710 daAuts
  Temple: 198 daAuts
     D:7: 52 daAuts
